 Dungeon Crawl Stone Soup version 0.29.1-2-gbd0b4ee654 (webtiles) character file.

Game seed: 7937446396910166655

168 Ihaveafatcat the Chopper (level 5, -3/47 HPs)
             Began as a Hill Orc Fighter on Nov 11, 2022.
             Was a High Priest of Ignis.
             Slain by deadpool521's ghost (11 damage)
             ... on level 3 of the Dungeon.
             The game lasted 00:09:00 (3196 turns).

Ihaveafatcat the Chopper (Hill Orc Fighter)         Turns: 3196, Time: 00:09:01

Health: -3/47      AC:  7    Str: 21    XL:     5   Next: 48%
Magic:  5/5        EV:  9    Int:  8    God:    Ignis [*****.]
Gold:   149        SH:  4    Dex: 10    Spells: 4/4 levels left

rFire   + . .      SeeInvis .   a - +1 war axe
rCold   . . .      Faith    .   c - +0 buckler
rNeg    . . .      Spirit   .   b - +0 scale mail
rPois   .          Reflect  .   (no helmet)
rElec   .          Harm     .   (no cloak)
rCorr   .          Rampage  .   (no gloves)
Will    .....                   (no boots)
Stlth   ..........              (no amulet)
HPRegen 0.15/turn               f - ring of flight
MPRegen 0.09/turn               (no ring)

@: flying
A: no striking features
a: Renounce Religion, Fiery Armour, Foxfire Swarm, Rising Flame


You were on level 3 of the Dungeon.
You worshipped Ignis.
Ignis was extremely pleased with you.
You visited 1 branch of the dungeon, and saw 3 of its levels.

You collected 201 gold pieces.
You spent 52 gold pieces at shops.

Inventory:

Hand Weapons
 a - a +1 war axe (weapon)
Armour
 b - a +0 scale mail (worn)
 c - a +0 buckler (worn)
Jewellery
 f - a ring of flight (left hand)
 g - the ring of Qycwog {Fly rC+ Dex+2}
   (You found it on level 3 of the Dungeon)

   [ring of protection from cold]

   Dex:       It affects your dexterity (+2).
   rC:        It protects you from cold.
   Fly:       It grants you flight.
 n - an amulet of the acrobat
Potions
 d - 2 potions of might
 e - a potion of flight {unknown}
 h - 2 potions of haste {unknown}
 i - 2 potions of heal wounds {unknown}
 j - a potion of lignification {unknown}
 k - 2 potions of curing
 l - 2 potions of attraction


   Skills:
 + Level 4.4 Fighting
 + Level 4.6 Axes
 + Level 4.1 Armour
 + Level 0.9 Dodging
 + Level 4.1 Shields


You had 4 spell levels left.
You didn't know any spells.
Your spell library contained the following spells:

 Spells                   Type           Power      Damage    Failure   Level
 Conjure Flame            Conj/Fire      0%         6-21      99%         3
 Dazzling Flash           Conj/Hex       0%         N/A       99%         3
 Ignite Poison            Fire/Tmut/Pois 0%         N/A       99%         3
 Iskenderun's Mystic Bla  Conj/Tloc      0%         2d3       100%        4
 Sticky Flame             Conj/Fire      0%         2d3       100%        4
 Starburst                Conj/Fire      0%         6d3       100%        6


Dungeon Overview and Level Annotations

Branches:
Dungeon (3/15)

Altars:
Vehumet
Ignis

Shops:
D:2 *

Annotations:
D:3 deadpool521's ghost, weakling MiGl


Message History

You kill the ball python!
Things that are here:
a +0 dagger; a ball python corpse; a kobold corpse
Found a stone staircase leading down.
Found a runed translucent door.
Found a pair of boots.
Deadpool521's ghost turns its malevolent gaze towards you.
Deadpool521's ghost says, "One skewered Hill Orc, coming right up."
Done exploring.
Done exploring.
Done exploring.
Done exploring.
You reach down and open the door.
You barely miss deadpool521's ghost. Deadpool521's ghost hits you.
Deadpool521's ghost hits you! You block deadpool521's ghost's attack.
You closely miss deadpool521's ghost.
Deadpool521's ghost lets out a mournful wail.
Deadpool521's ghost hits you but does no damage.
You slash deadpool521's ghost!
Deadpool521's ghost is moderately damaged.
Deadpool521's ghost closely misses you.
You hit deadpool521's ghost.
Deadpool521's ghost is moderately damaged.
Deadpool521's ghost hits you! Deadpool521's ghost closely misses you.
You hit deadpool521's ghost.
Deadpool521's ghost is heavily damaged.
Deadpool521's ghost hits you.
You barely miss deadpool521's ghost.
Deadpool521's ghost is heavily damaged.
Deadpool521's ghost hits you.
You barely miss deadpool521's ghost.
Deadpool521's ghost is heavily damaged.
Deadpool521's ghost hits you!
* * * LOW HITPOINT WARNING * * *
Deadpool521's ghost barely misses you.
You barely miss deadpool521's ghost.
Deadpool521's ghost is heavily damaged.
Deadpool521's ghost hits you!
You die...

....####.#### #.### ##.## #.#
#.##### ##.# #.# #.#.... ##.#
#.# #.#.### ##.# #.#########
#.#.# ...# #.........#
#.#.### #### ######.##.##
#...##. # #.#...# ##..#.. #
#.#.@.# #..... ##########
#.##W## #.##.. ...).....##
#.#.~.# #.###.
......#...###.#.~.#
##########.
#####......##.#.~.###
#.....#..†. #
#.........#.~.#.####.##.##.#.
#
##.###.####.[.#..##.##.##.##.
#####.##
##.#######...#..#..#..#.
......# #....#
#...##.##.##.###


You could see deadpool521's ghost.

Vanquished Creatures
  An orc wizard (D:3)
  5 adders
  3 worms (D:3)
  3 dart slugs
  6 orcs (D:3)
  8 ball pythons
  8 bats
  9 endoplasms
  3 giant cockroaches
  8 goblins
  3 hobgoblins
  3 jackals (D:3)
  A quokka (D:1)
  2 frilled lizards (D:3)
  8 kobolds
  5 rats
76 creatures vanquished.

Notes
Turn   | Place    | Note
-------+----------+-------------------------------------------
     0 | D:1      | Ihaveafatcat the Hill Orc Fighter began the quest for the
                  | Orb.
     0 | D:1      | Reached XP level 1. HP: 19/19 MP: 1/1
    77 | D:1      | Reached XP level 2. HP: 27/27 MP: 2/2
   490 | D:1      | You are sucked into a shaft and drop 1 floor!
   827 | D:1      | Reached XP level 3. HP: 33/33 MP: 3/3
  1288 | D:2      | Found a faded altar of an unknown god.
  1292 | D:2      | Prayed at the altar of an unknown god.
  1292 | D:2      | Became a worshipper of Ignis, the Dying Flame
  1351 | D:2      | Reached XP level 4. HP: 40/40 MP: 4/4
  1582 | D:2      | Found Vestiuz's General Store.
  1587 | D:2      | Bought a potion of might for 52 gold pieces
  2109 | D:3      | Identified the ring of Qycwog {Fly rC+ Dex+2}
  2383 | D:3      | Reached XP level 5. HP: 45/47 MP: 5/5
  2547 | D:3      | Found a radiant altar of Vehumet.
  3100 | D:3      | Found a runed translucent door.
  3103 | D:3      | Noticed deadpool521's ghost (weakling MiGl)
  3196 | D:3      | Slain by deadpool521's ghost

Illustrated notes

Levels and vault maps discovered:
D:1:      elethiomel_arrival_maze, layout_basic, minmay_indecisive_spiral
D:2:      layout_rooms, nicolae_ecumenical_pavilion, serial_shops,
          nicolae_shop_hallway_plus
D:3:      minmay_angry_zag, layout_loops_ring, nicolae_overflow_crystal_walls,
          ebering_ghost_reflecting_pool, st_stairs_9, kennysheep_nub

Skill      XL: |  1  2  3  4 |
---------------+-------------+-----
Fighting       | 4 |  4.4
Axes           | 3 4 |  4.6
Shields        | 4 |  4.1
Armour         | 4 |  4.1
Dodging        | |  0.9

Action                   |  1- 3 |  4- 6 || total
-------------------------+-------+-------++-------
Melee: War axe           |    72 |   143 ||   215
  Use: Scroll            |       |     7 ||     7
Armor: Scale mail        |    66 |    75 ||   141
Dodge: Dodged            |    60 |    74 ||   134
Block: Buckler           |    25 |    41 ||    66
